 Dungeon Sprint DCSS version 0.23-a0-413-g57a8110 (webtiles) character file.

12 schets the Vexing (level 2, 23/23 HPs)
             Began as a Gnoll Arcane Marksman on Nov 9, 2018.
             Was an Initiate of Uskayaw.
             Quit the game in the Dungeon (Sprint IX: "|||||||||||||||||||||||||||||").
             The game lasted 00:01:23 (342 turns).

schets the Vexing (Gnoll Arcane Marksman)            Turns: 342, Time: 00:01:24

Health: 23/23      AC:  2    Str: 12    XL:     2   Next: 33%
Magic:  6/6        EV: 15    Int: 15    God:    Uskayaw [......]
Gold:   0          SH:  0    Dex: 15    Spells: 4/7 levels left

rFire    . . .     SeeInvis .   a - +0 hand crossbow
rCold    . . .     Gourm    .   (no shield)
rNeg     . . .     Faith    .   l - +0 robe
rPois    .         Spirit   .   (no helmet)
rElec    .         Reflect  .   (no cloak)
rCorr    .         Harm     .   (no gloves)
MR       .....     NoTele   +   (no boots)
Stlth    ++........             (no amulet)
HPRegen  0.07/turn              (no ring)
MPRegen  0.10/turn              (no ring)

@: no status effects
A: distributed training, fangs 1, strong nose
a: Renounce Religion


You were in the Dungeon.
You worshipped Uskayaw.
Uskayaw was noncommittal.
You were not hungry.

You visited 1 branch

Inventory:

Hand Weapons
 a - a +0 hand crossbow (weapon)
 o - a +2 halberd of protection
Missiles
 d - 19 bolts (quivered)
Armour
 l - a +0 robe (worn)
 p - a +0 pair of gloves
 q - a +0 pair of boots
 r - a +1 chain mail
Jewellery
 s - a +2 ring of evasion
 t - a +3 ring of strength
Wands
 n - a wand of acid (10)
Scrolls
 c - 3 scrolls of remove curse
 k - 2 scrolls of blinking
 m - 2 scrolls of amnesia
Potions
 b - a potion of invisibility
 e - 5 potions of curing
 g - 3 potions of heal wounds
 h - a potion of haste
 i - 4 potions of magic
 j - a potion of berserk rage
Comestibles
 f - a ration


   Skills:
 + Level 2.8 Fighting
 + Level 1.2 Short Blades
 + Level 1.2 Long Blades
 + Level 1.2 Axes
 + Level 1.2 Maces & Flails
 + Level 1.2 Polearms
 + Level 1.2 Staves
 + Level 1.2 Slings
 + Level 1.2 Bows
 + Level 4.7 Crossbows
 + Level 1.2 Throwing
 + Level 1.2 Armour
 + Level 4.7 Dodging
 + Level 1.2 Stealth
 + Level 1.2 Shields
 + Level 1.2 Unarmed Combat
 + Level 3.0 Spellcasting
 + Level 1.0 Conjurations
 + Level 5.5 Hexes
 + Level 1.0 Charms
 + Level 1.0 Summonings
 + Level 1.0 Necromancy
 + Level 1.0 Translocations
 + Level 1.0 Transmutations
 + Level 1.0 Fire Magic
 + Level 1.0 Ice Magic
 + Level 1.0 Air Magic
 + Level 1.0 Earth Magic
 + Level 1.0 Poison Magic
 + Level 1.4 Invocations
 + Level 1.2 Evocations


You had 4 spell levels left.
You knew the following spells:

 Your Spells              Type           Power        Failure   Level  Hunger
a - Corona                Hex            ###....      1%          1    #......
b - Slow                  Hex            ###.....     3%          2    ##.....

Your spell library contained the following spells:

 Spells                   Type           Power        Failure   Level  Hunger
 Inner Flame              Hex/Fire       ##......     16%         3    ###....
 Portal Projectile        Hex/Tloc       ##....       16%         3    ###....
 Cause Fear               Hex            ###.......   21%         4    #####..
 Leda's Liquefaction      Hex/Erth       ##........   45%         4    #####..


Dungeon Overview and Level Annotations

Branches:
Dungeon (1/1)

Altars:
Cheibriados
Dithmenos
Elyvilon
Fedhas
Gozag
Hepliaklqana
Kikubaaqudgha
Makhleb
Nemelex Xobeh
Okawaru
Qazlal
Ru
Sif Muna
Trog
Uskayaw
Vehumet
Wu Jian
Xom
Yredelemnul
Zin
The Shining One
Beogh
Jiyva
Lugonu


Innate Abilities, Weirdness & Mutations

Your experience applies equally to all skills.
You have very sharp teeth.
Your uncanny sense of smell can sniff out nearby items.


Message History

i - 4 potions of magic (gained 2);
b - a potion of invisibility
g - 3 potions of heal wounds (gained 2);
e - 5 potions of curing (gained 4)
Found a +3 ring of strength.
c - 3 scrolls of remove curse;
m - 2 scrolls of amnesia
k - 2 scrolls of blinking (gained 1)
n - a wand of acid (10)
You see here an uncursed staff of energy.
Items here: ))))))
o - a +2 halberd of protection You see here a +0 pair of gloves.
p - a +0 pair of gloves You see here a +0 pair of boots.
q - a +0 pair of boots You see here a +1 chain mail.
r - a +1 chain mail
s - a +2 ring of evasion
There are no items here.
t - a +3 ring of strength
There are no items here.
Are you sure you want to abandon this character and quit the game? (Confirm

∆ ∆
∆ ∆
∆
▓+▓
∆
▓@▓
▓.▓
▓.▓
▓.▓
▓.▓
▓)▓
▓|▓
▓.▓
▓.▓


There were no monsters in sight!

Vanquished Creatures
  A dart slug (D)
  2 leopard geckos (D)
  A hobgoblin (D)
  A ball python zombie (D)
  2 bats (D)
  A frilled lizard (D)
  2 kobolds (D)
10 creatures vanquished.

Notes
Turn   | Place    | Note
-------+----------+-------------------------------------------
     0 | D        | schets the Gnoll Arcane Marksman began the quest for the
                  | Orb.
     0 | D        | Reached XP level 1. HP: 17/17 MP: 4/4
    53 | D        | Reached skill level 1 in Short Blades
    53 | D        | Reached skill level 1 in Long Blades
    53 | D        | Reached skill level 1 in Axes
    53 | D        | Reached skill level 1 in Maces & Flails
    53 | D        | Reached skill level 1 in Polearms
    53 | D        | Reached skill level 1 in Staves
    53 | D        | Reached skill level 1 in Slings
    53 | D        | Reached skill level 1 in Bows
    53 | D        | Reached skill level 1 in Throwing
    53 | D        | Reached skill level 1 in Armour
    53 | D        | Reached skill level 1 in Stealth
    53 | D        | Reached skill level 1 in Shields
    53 | D        | Reached skill level 1 in Unarmed Combat
    53 | D        | Reached skill level 1 in Invocations
    53 | D        | Reached skill level 1 in Evocations
    53 | D        | Reached XP level 2. HP: 23/23 MP: 5/5
    57 | D        | Reached skill level 1 in Conjurations
    57 | D        | Reached skill level 1 in Charms
    57 | D        | Reached skill level 1 in Summonings
    57 | D        | Reached skill level 1 in Necromancy
    57 | D        | Reached skill level 1 in Translocations
    57 | D        | Reached skill level 1 in Transmutations
    57 | D        | Reached skill level 1 in Fire Magic
    57 | D        | Reached skill level 1 in Ice Magic
    57 | D        | Reached skill level 1 in Air Magic
    57 | D        | Reached skill level 1 in Earth Magic
    57 | D        | Reached skill level 1 in Poison Magic
   203 | D        | Learned a level 2 spell: Slow
   203 | D        | Found a roughly hewn altar of Beogh.
   203 | D        | Found a snail-covered altar of Cheibriados.
   203 | D        | Found a shadowy altar of Dithmenos.
   203 | D        | Found a white marble altar of Elyvilon.
   203 | D        | Found a blossoming altar of Fedhas.
   203 | D        | Found an opulent altar of Gozag.
   204 | D        | Found a hazy altar of Hepliaklqana.
   205 | D        | Found a viscous altar of Jiyva.
   206 | D        | Found an ancient bone altar of Kikubaaqudgha.
   207 | D        | Found a corrupted altar of Lugonu.
   208 | D        | Found a burning altar of Makhleb.
   209 | D        | Found a sparkling altar of Nemelex Xobeh.
   210 | D        | Found an iron altar of Okawaru.
   211 | D        | Found a stormy altar of Qazlal.
   212 | D        | Found a sacrificial altar of Ru.
   213 | D        | Found a deep blue altar of Sif Muna.
   214 | D        | Found a bloodstained altar of Trog.
   215 | D        | Found a hide-covered altar of Uskayaw.
   216 | D        | Found a radiant altar of Vehumet.
   217 | D        | Found an ornate altar of the Wu Jian Council.
   218 | D        | Found a shimmering altar of Xom.
   219 | D        | Found a basalt altar of Yredelemnul.
   220 | D        | Found a glowing silver altar of Zin.
   221 | D        | Found a glowing golden altar of the Shining One.
   315 | D        | Became a worshipper of Uskayaw the Reveler
   342 | D        | Quit the game

Vault maps used:
D:        linesprint

Skill      XL: |  1  2 |
---------------+-------+-----
Short Blades   | 1 |  1.2
Long Blades    | 1 |  1.2
Axes           | 1 |  1.2
Maces & Flails | 1 |  1.2
Polearms       | 1 |  1.2
Staves         | 1 |  1.2
Slings         | 1 |  1.2
Bows           | 1 |  1.2
Throwing       | 1 |  1.2
Armour         | 1 |  1.2
Stealth        | 1 |  1.2
Shields        | 1 |  1.2
Unarmed Combat | 1 |  1.2
Invocations    | 1 |  1.4
Evocations     | 1 |  1.2
Spellcasting   | 3 |  3.0
Conjurations   | 1 |  1.0
Charms         | 1 |  1.0
Summonings     | 1 |  1.0
Necromancy     | 1 |  1.0
Translocations | 1 |  1.0
Transmutations | 1 |  1.0
Fire Magic     | 1 |  1.0
Ice Magic      | 1 |  1.0
Air Magic      | 1 |  1.0
Earth Magic    | 1 |  1.0
Poison Magic   | 1 |  1.0
Fighting       | |  2.8
Crossbows      | |  4.7
Dodging        | |  4.7
Hexes          | |  5.5

Action                   || total
-------------------------++-------
 Fire: Hand crossbow     ||    17
Armor: Robe              ||     1
Dodge: Dodged            ||     7

Table legend:
 A = Non-vault XP
 B = Vault XP
 C = Vault XP percentage of total XP
 D = Non-vault monster count
 E = Vault monster count
 F = Vault count percentage of total count
                 A         B        C        D         E       F
            +---------+---------+-------+---------+---------+-------
      Total |       0 |      18 | 100.0 |       0 |      10 | 100.0
            +---------+---------+-------+---------+---------+-------
          D |       0 |      18 | 100.0 |       0 |      10 | 100.0
            +---------+---------+-------+---------+---------+-------
